 Dungeon Sprint DCSS version 0.17-a0-2024-gc284f19 (webtiles) character file.

0 Adamkad1 the Magician (level 1, -3/9 HPs)
             Began as a Spriggan Wizard on Oct 10, 2015.
             Was an Initiate of Qazlal.
             Slain by an adder (4 damage)
             ... in the Dungeon (Sprint VI: "Thunderdome").
             The game lasted 00:00:31 (42 turns).

Adamkad1 the Magician (Spriggan Wizard)               Turns: 42, Time: 00:00:31

Health: -3/9       AC:  2    Str:  3    XL:     1   Next: 8%
Magic:  1/6        EV: 18    Int: 19    God:    Qazlal [......]
Gold:   200        SH:  0    Dex: 14    Spells: 1 memorised, 7 levels left

rFire  . . .     SeeInvis +     (weapon restricted)
rCold  . . .     Clarity  .     a - +0 robe
rNeg   . . .     SustAt   .     (shield restricted)
rPois  .         Gourm    .     b - +0 hat
rElec  .         Spirit   .     (no cloak)
rCorr  .         Warding  .     (gloves unavailable)
rMut   .         NoTele   +     (boots unavailable)
MR     .....                    (no amulet)
Stlth  ++........               (no ring)
                                (no ring)

@: very slightly contaminated, very quick, not resistant to hostile
enchantments, unstealthy
A: unfitting armour, see invisible, herbivore 3, speed 3, slow metabolism 2
a: Renounce Religion


You were in the Dungeon.
You worshipped Qazlal.
Qazlal was noncommittal.
You were not hungry.

You visited 1 branch You collected 200 gold pieces.

Inventory:

Armour
 a - a +0 robe (worn)
 b - a +0 hat (worn)
Wands
 l - a wand of cold (5)
 m - a wand of fire (5)
Scrolls
 j - 4 scrolls of blinking
 n - 3 scrolls of fog
Potions
 e - a potion of curing
 f - 4 potions of heal wounds
 g - 4 potions of haste
 h - 2 potions of magic
 i - a potion of berserk rage
 k - a potion of resistance
Books
 c - a book of Minor Magic

   Spells                             Type                      Level
   a - Magic Dart                     Conjuration                  1
   b - Blink                          Translocation                2
   c - Call Imp                       Summoning                    2
   d - Repel Missiles                 Charms/Air                   2
   e - Slow                           Hexes                        2
   f - Conjure Flame                  Conjuration/Fire             3
   g - Mephitic Cloud                 Conjuration/Poison/Air       3
Comestibles
 d - a bread ration


   Skills:
 + Level 3.2 Dodging
 + Level 3.1 Stealth
 + Level 4.3 Spellcasting
 + Level 0.6 Conjurations
   Level 0.7 Summonings
   Level 1.5 Translocations


You had 7 spell levels left.
You knew the following spells:

 Your Spells              Type           Power        Failure   Level  Hunger
a - Magic Dart            Conj           #...         12%         1    None


Dungeon Overview and Level Annotations

Branches:
Dungeon (1/1)

Altars:
Cheibriados
Fedhas
Gozag
Makhleb
Qazlal
Ru
Sif Muna
Trog
Vehumet
Yredelemnul
Zin
The Shining One
Jiyva
Lugonu

Shops:
D %??:(!!!!


Innate Abilities, Weirdness & Mutations

You are tiny and cannot use many weapons and most armour.
You have supernaturally acute eyesight.
You are a herbivore.
You cover ground extremely quickly.
You need consume almost no food.


Message History

Casting: Magic Dart
Confirm with . or Enter, or press ? or * to list all spells.
Aiming: Magic Dart
Press: ? - help, Shift-Dir - straight line, f/p - adder
Aim: an adder (moderately wounded)
The magic dart hits the adder.
The adder is moderately wounded.
The adder bites you.
* * * LOW HITPOINT WARNING * * *
A rat comes into view.
Found a viscous altar of Jiyva.
Found a glowing silver altar of Zin.
The rat completely misses you.
Found a bloodstained altar of Trog.
You hit the rat.
You kill the rat!
Qazlal accepts your kill. The adder misses you. The adder bites you.
You die...

##.....## ##∩.....∩##
#∩.......∩# #........_#
#_........# #_......._#
###.........###
#⌠..S........⌠#
#.8@S.......8.######
∩___......###......___∩#
........8.# #.8........∩
..........###...........
.......###...###........
....... #.<.# #........
....... #...###........
..........###...........
...8. #.8........∩


You could see 2 adders.

Vanquished Creatures
  A rat (D)
1 creature vanquished.

Notes
Turn   | Place    | Note
--------------------------------------------------------------
     0 | D        | Adamkad1 the Spriggan Wizard began the quest for the Orb.
     0 | D        | Reached XP level 1. HP: 9/9 MP: 6/6
     4 | D        | Found a snail-covered altar of Cheibriados.
     4 | D        | Found a basalt altar of Yredelemnul.
     5 | D        | Found a radiant altar of Vehumet.
     6 | D        | Found a deep blue altar of Sif Muna.
     6 | D        | Found a glowing golden altar of the Shining One.
     7 | D        | Found Kilomiz's Distillery.
     7 | D        | Found a stormy altar of Qazlal.
     7 | D        | Found Yloe's Do-It-Yourself Clinic.
     8 | D        | Found Qaucuy's Distillery.
     8 | D        | Found Lelihorch's Bottled Wisdom.
     9 | D        | Round 1.
    14 | D        | Found a burning altar of Makhleb.
    18 | D        | Became a worshipper of Qazlal Stormbringer
    23 | D        | Found a sacrificial altar of Ru.
    29 | D        | Found a corrupted altar of Lugonu.
    30 | D        | Found a blossoming altar of Fedhas.
    30 | D        | Found an opulent altar of Gozag.
    30 | D        | Found Zaesch's Staff Store.
    30 | D        | Found Ukhizxomn's Magic Scroll Shop.
    31 | D        | Found Heimniam's Must-Have Magic.
    31 | D        | Found Xusur's Magic Scroll Shop.
    37 | D        | Found a viscous altar of Jiyva.
    38 | D        | Found a glowing silver altar of Zin.
    39 | D        | Found a bloodstained altar of Trog.
    42 | D        | Found Laprak's Bee Food.
    42 | D        | Slain by an adder

Vault maps used:
D:        arena_sprint

Action                   || total
-------------------------++-------
Melee: Unarmed           ||     1
 Cast: Magic Dart        ||     4
